 Dungeon Crawl Stone Soup version 0.30-a0-368-g86fb4627a9 (webtiles) character file.

Game seed: 7621515657851391575

224 mopl the Ducker (level 6, -1/40 (53) HPs)
             Began as a Gnoll Monk on Nov 19, 2022.
             Was a Priest of Cheibriados.
             Slain by Edmund
             ... wielding a +0 dire flail of draining
              (7 damage)
             ... on level 4 of the Dungeon.
             The game lasted 00:03:05 (2854 turns).

mopl the Ducker (Gnoll Monk)                        Turns: 2854, Time: 00:03:05

HP:   -1/40 (53)    AC:  8    Str: 27    XL:     6   Next: 0%
MP:   0/8           EV: 15    Int: 17    God:    Cheibriados [***...]
Gold: 132           SH:  0    Dex: 22    Spells: 8/8 levels left

rFire   . . .      SeeInvis .    a - +0 flail
rCold   . . .      Faith    .    (no shield)
rNeg    . . .      Spirit   +    d - +0 scale mail
rPois   .          Reflect  .    A - +0 helmet
rElec   .          Harm     .    (no cloak)
rCorr   .          Rampage  .    u - +0 pair of gloves
Will    .....                    (no boots)
Stlth   ++........               m - amulet of guardian spirit
HPRegen 0.26/turn                f - +6 ring of strength
MPRegen 0.11/turn                (no ring)

@: heavily drained, very slow
A: fangs 1, strong nose, distributed training
a: Renounce Religion, Bend Time, Temporal Distortion


You were on level 4 of the Dungeon.
You worshipped Cheibriados.
Cheibriados was most pleased with you.
You visited 1 branch of the dungeon, and saw 4 of its levels.

You collected 185 gold pieces.
You spent 53 gold pieces at shops.

Inventory:

Hand Weapons
 a - a +0 flail (weapon)
Missiles
 b - 14 poisoned darts (quivered)
 t - 4 boomerangs
Armour
 d - a +0 scale mail (worn)
 u - a +0 pair of gloves (worn)
 A - a +0 helmet (worn)
Jewellery
 f - a +6 ring of strength (left hand)
 m - an amulet of guardian spirit (around neck)
 x - a ring of positive energy
Wands
 y - a wand of roots (2)
 B - a wand of flame (19)
 C - a wand of charming (10)
Scrolls
 e - a scroll of blinking {unknown}
 h - 9 scrolls of identify {unknown}
 j - a scroll of summoning {unknown}
 n - a scroll of acquirement {unknown}
 p - a scroll of silence {unknown}
 s - a scroll of butterflies {unknown}
 v - a scroll of noise {unknown}
 w - 2 scrolls of teleportation {unknown}
 E - a scroll of magic mapping {unknown}
 F - a scroll of amnesia {unknown}
Potions
 c - a potion of ambrosia
 g - 4 potions of curing
 i - a potion of cancellation {unknown}
 k - a potion of resistance {unknown}
 l - 3 potions of might {unknown}
 o - 3 potions of lignification {unknown}
 q - a potion of brilliance {unknown}
 r - a potion of flight {unknown}
 z - a potion of attraction {unknown}
 D - a potion of mutation {unknown}
 G - a potion of berserk rage {unknown}
 H - a potion of degeneration {unknown}


   Skills:
 + Level 6.8 Fighting
 + Level 1.8 Short Blades
 + Level 1.8 Long Blades
 + Level 1.8 Axes
 + Level 6.8 Maces & Flails
 + Level 1.8 Polearms
 + Level 1.8 Staves
 + Level 1.8 Ranged Weapons
 + Level 1.8 Throwing
 + Level 1.8 Armour
 + Level 6.8 Dodging
 + Level 4.5 Stealth
 + Level 1.8 Shields
 + Level 1.8 Unarmed Combat
 + Level 1.8 Spellcasting
 + Level 1.4 Conjurations
 + Level 1.4 Hexes
 + Level 1.4 Summonings
 + Level 1.4 Necromancy
 + Level 1.4 Translocations
 + Level 1.4 Transmutations
 + Level 1.4 Fire Magic
 + Level 1.4 Ice Magic
 + Level 1.4 Air Magic
 + Level 1.4 Earth Magic
 + Level 1.4 Poison Magic
 + Level 2.0 Invocations
 + Level 1.8 Evocations


You had 8 spell levels left.
You didn't know any spells.
Your spell library contained the following spells:

 Spells                   Type           Power      Damage    Failure   Level
 Apportation              Tloc           12%        N/A       26%         1
 Beastly Appendage        Tmut           12%        N/A       26%         1
 Necrotise                Necr           24%        1d5       26%         1
 Summon Small Mammal      Summ           24%        N/A       26%         1
 Wereblood                Tmut           6%         N/A       36%         2
 Spider Form              Tmut/Pois      6%         N/A       58%         3


Dungeon Overview and Level Annotations

Branches:
Dungeon (4/15)
 Temple: D:4-7

Altars:
Cheibriados

Shops:
D:1 *

Annotations:
D:4 Edmund


Innate Abilities, Weirdness & Mutations

You have very sharp teeth.
Your uncanny sense of smell can sniff out nearby items.
Your experience applies equally to all skills.


Message History

You are too injured to fight recklessly!
You are too injured to fight recklessly!
You are too injured to fight recklessly!
You are too injured to fight recklessly!
You are too injured to fight recklessly!
You are too injured to fight recklessly!
You are too injured to fight recklessly!
You are too injured to fight recklessly!
You are too injured to fight recklessly!
You are too injured to fight recklessly!
You are too injured to fight recklessly!
It was a potion of curing.
You feel better.
Edmund hits you with a +0 dire flail of draining.
You feel drained.
You hit Edmund.
Edmund is severely wounded.
Edmund says, "I might not be good at magic, but I can still kill you!"
Edmund completely misses you.
You hit Edmund. Your bite misses Edmund.
Edmund is severely wounded.
Edmund hits you with a +0 dire flail of draining.
You feel drained.
You barely miss Edmund. You bite Edmund.
Edmund is almost dead.
Edmund hits you with a +0 dire flail of draining.
* * * LOW HITPOINT WARNING * * *
You feel drained.
* * * LOW HITPOINT WARNING * * *
You barely miss Edmund. You bite Edmund, but do no damage.
Edmund is almost dead.
Edmund drinks a potion.
Edmund is healed!
You hit Edmund. You bite Edmund, but do no damage.
Edmund is almost dead.
Edmund hits you with a +0 dire flail of draining!
* * * LOW HITPOINT WARNING * * *
You feel drained.
You closely miss Edmund.
Edmund is almost dead.
Edmund hits you with a +0 dire flail of draining!
You die...

#........########....#######.##.#
#........# #....# #.##.#
#........# ######## #..#.#
#........# #.....# ##...#
#........# #.....# ###.[
#........######.....# #.#
#........'..........# #.#
#........######.....# #.#
#........# ##@##############'#
#........# #...@.# #............
#........# #.....# #............
########## +.....# #............
#.....# #............ #.)...#
#............ #######
#............ #............
#######............


You could see Edmund.

Vanquished Creatures
  Jessica (D:2)
  Ijyb (D:4)
  5 gnolls
  Robin (D:4)
  5 adders
  3 dart slugs
  3 orcs (D:4)
  5 ball pythons
  3 bats
  2 endoplasms
  3 giant cockroaches
  5 hobgoblins
  4 kobolds
  2 quokkas
  2 frilled lizards (D:2)
  16 goblins
  6 rats
67 creatures vanquished.

Notes
Turn   | Place    | Note
-------+----------+-------------------------------------------
     0 | D:1      | mopl the Gnoll Monk began the quest for the Orb.
     0 | D:1      | Reached XP level 1. HP: 23/23 MP: 1/1
   147 | D:1      | Found Vyli's Assorted Antiques.
   192 | D:1      | Reached XP level 2. HP: 29/29 MP: 2/2
   453 | D:1      | Reached XP level 3. HP: 13/35 MP: 2/4
   729 | D:1      | Bought a scroll labelled ERYAL FAEJYGOCW for 19 gold pieces
   729 | D:1      | Bought an inky potion for 17 gold pieces
   729 | D:1      | Bought a bubbling orange potion for 17 gold pieces
   776 | D:2      | Reached skill level 1 in Invocations
   935 | D:2      | Noticed Jessica
   940 | D:2      | Killed Jessica
   941 | D:2      | Reached skill level 1 in Short Blades
   941 | D:2      | Reached skill level 1 in Long Blades
   941 | D:2      | Reached skill level 1 in Axes
   941 | D:2      | Reached skill level 1 in Polearms
   941 | D:2      | Reached skill level 1 in Staves
   941 | D:2      | Reached skill level 1 in Ranged Weapons
   941 | D:2      | Reached skill level 1 in Throwing
   941 | D:2      | Reached skill level 1 in Armour
   941 | D:2      | Reached skill level 1 in Shields
   941 | D:2      | Reached skill level 1 in Unarmed Combat
   941 | D:2      | Reached skill level 1 in Spellcasting
   941 | D:2      | Reached skill level 1 in Evocations
   941 | D:2      | Reached XP level 4. HP: 41/41 MP: 5/5
  1075 | D:2      | Reached skill level 1 in Conjurations
  1075 | D:2      | Reached skill level 1 in Hexes
  1075 | D:2      | Reached skill level 1 in Summonings
  1075 | D:2      | Reached skill level 1 in Necromancy
  1075 | D:2      | Reached skill level 1 in Translocations
  1075 | D:2      | Reached skill level 1 in Transmutations
  1075 | D:2      | Reached skill level 1 in Fire Magic
  1075 | D:2      | Reached skill level 1 in Ice Magic
  1075 | D:2      | Reached skill level 1 in Air Magic
  1075 | D:2      | Reached skill level 1 in Earth Magic
  1075 | D:2      | Reached skill level 1 in Poison Magic
  1468 | D:3      | Found a faded altar of an unknown god.
  1513 | D:2      | Reached XP level 5. HP: 33/47 MP: 3/7
  1622 | D:3      | Prayed at the altar of an unknown god.
  1622 | D:3      | Became a worshipper of Cheibriados the Contemplative
  1622 | D:3      | Reached * piety under Cheibriados
  1622 | D:3      | Reached ** piety under Cheibriados
  2215 | D:4      | Reached *** piety under Cheibriados
  2336 | D:4      | Noticed Robin
  2361 | D:4      | Killed Robin
  2464 | D:4      | Noticed Ijyb
  2477 | D:4      | Killed Ijyb
  2478 | D:4      | Reached skill level 2 in Invocations
  2653 | D:4      | Reached XP level 6. HP: 53/53 MP: 8/8
  2839 | D:4      | Noticed Edmund
  2854 | D:4      | Slain by Edmund

Illustrated notes

Levels and vault maps discovered:
D:1:      lemuel_arrival_broad_hall, layout_loops_cross, serial_shops, shop
D:2:      minmay_wonky_spiral, layout_loops_ring, uniq_jessica
D:3:      layout_loops_ring, dreamdust_ecumenical_altar_angels_and_demons
D:4:      layout_basic, uniq_edmund, uniq_ijyb, uniq_robin

Skill      XL: |  1  2  3  4  5 |
---------------+----------------+-----
Invocations    | 1 2 |  2.0
Short Blades   | 1 |  1.8
Long Blades    | 1 |  1.8
Axes           | 1 |  1.8
Polearms       | 1 |  1.8
Staves         | 1 |  1.8
Ranged Weapons | 1 |  1.8
Throwing       | 1 |  1.8
Armour         | 1 |  1.8
Shields        | 1 |  1.8
Unarmed Combat | 1 |  1.8
Spellcasting   | 1 |  1.8
Evocations     | 1 |  1.8
Conjurations   | 1 |  1.4
Hexes          | 1 |  1.4
Summonings     | 1 |  1.4
Necromancy     | 1 |  1.4
Translocations | 1 |  1.4
Transmutations | 1 |  1.4
Fire Magic     | 1 |  1.4
Ice Magic      | 1 |  1.4
Air Magic      | 1 |  1.4
Earth Magic    | 1 |  1.4
Poison Magic   | 1 |  1.4
Fighting       | |  6.8
Maces & Flails | |  6.8
Dodging        | |  6.8
Stealth        | |  4.5

Action                   |  1- 3 |  4- 6 || total
-------------------------+-------+-------++-------
Melee: Mace              |    46 |       ||    46
       Bite              |     7 |    13 ||    20
       Flail             |    17 |   115 ||   132
       Punch             |     1 |     2 ||     3
  Use: Potion            |       |     1 ||     1
 Stab: Sleeping          |       |     3 ||     3
Armor: Scale mail        |    20 |    41 ||    61
Dodge: Dodged            |    35 |    79 ||   114

Table legend: (Time is in decaauts)
 A = Elapsed time spent in this place.
 B = Non-inter-level travel time spent in this place.
 C = Inter-level travel time spent in this place.
 D = Time resting spent in this place.
 E = Time spent auto-exploring this place.
 F = Levels seen in this place.
 G = Mean time per level.
                   A        B        C        D        E       F      G
               +--------+--------+--------+--------+--------+-----+--------+
         Total |   3505 |   3330 |    175 |    215 |   2572 |   4 |  876.2 |
       Dungeon |   3505 |   3330 |    175 |    215 |   2572 |   4 |  876.2 |
               +--------+--------+--------+--------+--------+-----+--------+

Top non-repeatable levels by time:
     D:4: 1017 daAuts
     D:3: 960 daAuts
     D:1: 765 daAuts
     D:2: 762 daAuts
